 Dungeon Sprint DCSS version 0.17-a0-2109-g117576f (webtiles) character file.

683 Kidiri the Ogre Mage (level 7, -5/78 HPs)
             Began as an Ogre Fire Elementalist on Oct 19, 2015.
             Was a High Priest of Vehumet.
             Slain by a manticore (12 damage)
             ... in the Dungeon (Sprint VII: "The Pits").
             The game lasted 00:06:55 (1779 turns).

Kidiri the Ogre Mage (Ogre Fire Elementalist)       Turns: 1779, Time: 00:06:56

Health: -5/78      AC:  8    Str: 14    XL:     7   Next: 61%
Magic:  12/19      EV: 11    Int: 16    God:    Vehumet [*****.]
Gold:   0          SH:  0    Dex: 10    Spells: 7 memorised, 3 levels left

rFire  . . .     SeeInvis .     d - +2 flail (protect)
rCold  . . .     Clarity  .     a - +0 robe
rNeg   . . .     SustAt   .     (no shield)
rPois  .         Gourm    .     (helmet restricted)
rElec  .         Spirit   .     (no cloak)
rCorr  .         Warding  .     (gloves unavailable)
rMut   .         NoTele   +     (boots unavailable)
MR     .....                    (no amulet)
Stlth  +.........               (no ring)
                                (no ring)

@: not resistant to hostile enchantments, very unstealthy
A: unfitting armour, tough skin 1
a: Renounce Religion


You were in the Dungeon.
You worshipped Vehumet.
Vehumet was extremely pleased with you.
You were not hungry.

You visited 1 branch

Inventory:

Hand Weapons
 d - a +2 flail of protection (weapon)
Armour
 a - a +0 robe (worn)
Scrolls
 i - a scroll of blinking
 m - 3 scrolls of remove curse
 n - 5 scrolls of amnesia
 o - a scroll of summoning
Potions
 e - 5 potions of curing
 f - a potion of haste
 g - 4 potions of magic
 h - a potion of berserk rage
 l - 2 potions of invisibility
 p - 3 potions of heal wounds
Books
 b - a book of Flames

   Spells                             Type                      Level
   a - Flame Tongue                   Conjuration/Fire             1
   b - Throw Flame                    Conjuration/Fire             2
   c - Conjure Flame                  Conjuration/Fire             3
   d - Inner Flame                    Hexes/Fire                   3
   e - Sticky Flame                   Conjuration/Fire             4
   f - Fireball                       Conjuration/Fire             5
Comestibles
 c - 8 bread rations
 j - 40 fruits
 k - 6 meat rations


   Skills:
 + Level 7.2 Fighting
 + Level 7.1 Maces & Flails
 + Level 4.7 Armour
 + Level 5.4 Dodging
 - Level 1.5 Stealth
 * Level 9.3 Spellcasting
 + Level 4.1 Conjurations
 + Level 0.0 Hexes
 + Level 4.8 Fire Magic
 + Level 0.0 Air Magic
 + Level 0.0 Poison Magic


You had 3 spell levels left.
You knew the following spells:

 Your Spells              Type           Power        Failure   Level  Hunger
a - Flame Tongue          Conj/Fire      ###..        1%          1    None
b - Throw Flame           Conj/Fire      ###...       1%          2    None
c - Conjure Flame         Conj/Fire      ###.....     1%          3    #......
d - Inner Flame           Hex/Fire       ###.....     3%          3    #......
e - Sticky Flame          Conj/Fire      ###.....     4%          4    ###....
f - Fireball              Conj/Fire      ###.......   16%         5    #####..
g - Mephitic Cloud        Conj/Pois/Air  ##......     4%          3    #......


Dungeon Overview and Level Annotations

Branches:
Dungeon (1/1)

Altars:
Ashenzari
Cheibriados
Dithmenos
Elyvilon
Fedhas
Gozag
Kikubaaqudgha
Makhleb
Nemelex Xobeh
Okawaru
Qazlal
Ru
Sif Muna
Trog
Vehumet
Xom
Yredelemnul
Zin
The Shining One
Beogh
Jiyva
Lugonu


Innate Abilities, Weirdness & Mutations

You are too large for most types of armour.
You have tough skin (AC +1).


Message History

* * * LOW HITPOINT WARNING * * *
The manticore claws you.
* * * LOW HITPOINT WARNING * * *
Drink which item? (? for menu, Esc to quit)
You feel much better. The manticore closely misses you.
The manticore claws you. The manticore claws you!
* * * LOW HITPOINT WARNING * * *
Unknown command.
Casting: Sticky Flame
Confirm with . or Enter, or press ? or * to list all spells.
Aiming: Sticky Flame
Press: ? - help, Shift-Dir - straight line, f/p - manticore
Aim: a manticore (severely wounded)
The sticky flame hits the manticore.
The manticore appears unharmed.
The manticore is severely wounded.
The manticore is covered in liquid flames!
The manticore burns!
The manticore bites you.
* * * LOW HITPOINT WARNING * * *
The manticore claws you!
You die...

#.#........##.......#
#'###########.......#
#..#.#.## #########
#.......# ##.#.#.##
#.......#+#
##.#.#.##.+
#.......#H#
##.#.#..+@#
##########


You could see a manticore (burning).

Vanquished Creatures
  A flying skull (D)
  A fire bat (D)
  A deep elf fighter (D)
  A water moccasin (D)
  A gnoll sergeant (D)
  An iron imp (D)
  6 gnolls (D)
  A river rat (D)
  An ufetubus (D)
  An adder skeleton (D)
  A bat skeleton (D)
  A hobgoblin (D)
  2 jackals (D)
  A ball python (D)
  A jackal zombie (D)
  2 kobolds (D)
23 creatures vanquished.

Notes
Turn   | Place    | Note
--------------------------------------------------------------
     0 | D        | Kidiri the Ogre Fire Elementalist began the quest for the Orb.
     0 | D        | Reached XP level 1. HP: 16/16 MP: 3/3
    67 | D        | Found a sacrificial altar of Ru.
    67 | D        | Found a basalt altar of Yredelemnul.
    67 | D        | Found a shadowy altar of Dithmenos.
    67 | D        | Found a deep blue altar of Sif Muna.
    67 | D        | Found a burning altar of Makhleb.
    67 | D        | Found a shimmering altar of Xom.
    67 | D        | Found an ancient bone altar of Kikubaaqudgha.
    67 | D        | Found a sparkling altar of Nemelex Xobeh.
    68 | D        | Found a glowing golden altar of the Shining One.
    68 | D        | Found a bloodstained altar of Trog.
    68 | D        | Found a shattered altar of Ashenzari.
    68 | D        | Found a white marble altar of Elyvilon.
    68 | D        | Found a snail-covered altar of Cheibriados.
    68 | D        | Found a blossoming altar of Fedhas.
    68 | D        | Found a radiant altar of Vehumet.
    68 | D        | Found a glowing silver altar of Zin.
    68 | D        | Found a corrupted altar of Lugonu.
    68 | D        | Found a viscous altar of Jiyva.
    68 | D        | Found a roughly hewn altar of Beogh.
    68 | D        | Found an iron altar of Okawaru.
    75 | D        | Found a stormy altar of Qazlal.
    75 | D        | Found an opulent altar of Gozag.
    77 | D        | Became a worshipper of Vehumet
    95 | D        | Reached skill level 1 in Fighting
   101 | D        | Reached skill level 3 in Spellcasting
   101 | D        | Reached skill level 1 in Conjurations
   110 | D        | Reached * piety under Vehumet
   110 | D        | Offered knowledge of Sting by Vehumet.
   110 | D        | Reached skill level 1 in Armour
   372 | D        | Reached skill level 1 in Maces & Flails
   372 | D        | Reached XP level 2. HP: 18/28 MP: 4/6
   380 | D        | Learned a level 2 spell: Throw Flame
   483 | D        | Offered knowledge of Throw Frost by Vehumet.
   483 | D        | Reached ** piety under Vehumet
   494 | D        | Noticed a gnoll sergeant
   509 | D        | Reached skill level 4 in Spellcasting
   509 | D        | Reached XP level 3. HP: 24/36 MP: 4/8
   512 | D        | Reached *** piety under Vehumet
   527 | D        | Reached XP level 4. HP: 2/45 MP: 1/10
   827 | D        | Killed a gnoll sergeant
   827 | D        | Offered knowledge of Stone Arrow by Vehumet.
   827 | D        | Reached skill level 5 in Spellcasting
   827 | D        | Reached XP level 5. HP: 23/54 MP: 9/13
   831 | D        | Reached **** piety under Vehumet
   834 | D        | Reached skill level 6 in Spellcasting
  1104 | D        | Noticed a deep elf fighter
  1105 | D        | Noticed a fire bat
  1113 | D        | Killed a deep elf fighter
  1113 | D        | Offered knowledge of Mephitic Cloud by Vehumet.
  1113 | D        | Reached skill level 5 in Fighting
  1113 | D        | Reached skill level 5 in Maces & Flails
  1113 | D        | Reached skill level 7 in Spellcasting
  1113 | D        | Reached XP level 6. HP: 62/66 MP: 9/16
  1114 | D        | Noticed an iron imp
  1115 | D        | Noticed a flying skull
  1117 | D        | Noticed a water moccasin
  1119 | D        | Killed a fire bat
  1119 | D        | Reached skill level 8 in Spellcasting
  1142 | D        | Killed a flying skull
  1142 | D        | Reached ***** piety under Vehumet
  1142 | D        | Reached skill level 5 in Dodging
  1142 | D        | Reached XP level 7. HP: 19/76 MP: 11/19
  1145 | D        | Killed a water moccasin
  1145 | D        | Reached skill level 9 in Spellcasting
  1148 | D        | Killed an iron imp
  1159 | D        | Learned a level 3 spell: Conjure Flame
  1163 | D        | Learned a level 3 spell: Inner Flame
  1168 | D        | Learned a level 4 spell: Sticky Flame
  1174 | D        | Learned a level 5 spell: Fireball
  1178 | D        | Learned a level 3 spell: Mephitic Cloud
  1440 | D        | Offered knowledge of Throw Icicle by Vehumet.
  1445 | D        | Noticed a manticore
  1779 | D        | Slain by a manticore

Vault maps used:
D:        pitsprint

Action                   |  1- 3 |  4- 6 |  7- 9 || total
-------------------------+-------+-------+-------++-------
Melee: Mace              |    24 |     7 |       ||    31
       Flail             |       |    22 |    12 ||    34
 Cast: Flame Tongue      |    19 |    12 |     2 ||    33
       Throw Flame       |       |     4 |     1 ||     5
       Sticky Flame      |       |       |     3 ||     3
  Use: Potion            |     2 |     3 |     1 ||     6
 Stab: Sleeping          |       |       |     1 ||     1
  Eat: Meat ration       |       |     1 |       ||     1
